 Dungeon Crawl Stone Soup version 0.29.1-12-g30fa7ad0bf (webtiles) character file.

Game seed: 13089663030180463993

6 hawla the Chiller (level 2, -3/20 HPs)
             Began as a Meteoran Ice Elementalist on Jan 5, 2023.
             Blown up by Ijyb (8 damage)
             ... with a mindburst bolt
             ... on level 3 of the Dungeon.
             The game lasted 00:00:52 (182 turns).

hawla the Chiller (Meteoran Ice Elementalist)        Turns: 182, Time: 00:00:52

Health: -3/20      AC:  2    Str:  9    XL:     2   Next: 11%
Magic:  6/6        EV: 12    Int: 16    God:
Gold:   15         SH:  0    Dex: 14    Spells: 5/6 levels left

rFire   . . .      SeeInvis .   (no weapon)
rCold   . . .      Faith    .   (no shield)
rNeg    . . .      Spirit   .   a - +0 robe
rPois   .          Reflect  .   (no helmet)
rElec   .          Harm     .   (no cloak)
rCorr   .          Rampage  .   (no gloves)
Will    .....                   (no boots)
Stlth   +.........              (no amulet)
HPRegen 0.06/turn               (no ring)
MPRegen 0.10/turn               (no ring)

@: glowing
A: sense surroundings 1, otherworldly, glowing, explore regen
a: no special abilities


You were on level 3 of the Dungeon.
You visited 1 branch of the dungeon, and saw 3 of its levels.

You collected 15 gold pieces.

Inventory:

Armour
 a - a +0 robe (worn)
Scrolls
 f - a scroll of silence {unknown}
Potions
 b - a potion of magic
 c - a potion of invisibility {unknown}
 d - a potion of flight
 e - 2 potions of heal wounds {unknown}


   Skills:
 + Level 2.4 Dodging
 - Level 1.4 Stealth
 + Level 2.7 Spellcasting
 + Level 4.7 Ice Magic


You had 5 spell levels left.
You knew the following spells:

 Your Spells              Type           Power      Damage    Failure   Level
a - Freeze                Ice            68%        1d8       2%          1

Your spell library contained the following spells:

 Spells                   Type           Power      Damage    Failure   Level
 Frozen Ramparts          Ice            34%        1d6       9%          3
 Ozocubu's Armour         Ice            17%        N/A       9%          3
 Hailstorm                Conj/Ice       9%         3d4       58%         4


Dungeon Overview and Level Annotations

Branches:
Dungeon (3/15) Zot: 1617

Altars:

Annotations:
D:3 Ijyb


Innate Abilities, Weirdness & Mutations

You passively map a small area around you.
You are easily found by Zot.
You glow in the dark.
You regain HP and MP as you explore.


Message History

Confirm with . or Enter, or press ? or * to list all spells.
Aiming: Freeze (safe; 2% risk of failure)
Press: ? - help, Shift-Dir - straight line, f - kobold
Aim: a kobold, wielding a +0 whip You freeze the kobold.
The kobold is heavily wounded.
The kobold closely misses you.
Casting: Freeze (safe; 2% risk of failure)
Confirm with . or Enter, or press ? or * to list all spells.
Aiming: Freeze (safe; 2% risk of failure)
Press: ? - help, Shift-Dir - straight line, f/p - kobold
Aim: a kobold, wielding a +0 whip (heavily wounded)
You freeze the kobold.
The kobold is severely wounded.
The kobold completely misses you.
Casting: Freeze (safe; 2% risk of failure)
Confirm with . or Enter, or press ? or * to list all spells.
Aiming: Freeze (safe; 2% risk of failure)
Press: ? - help, Shift-Dir - straight line, f/p - kobold
Aim: a kobold, wielding a +0 whip (severely wounded)
You freeze the kobold.
You kill the kobold!
Magic restored.
c - a puce potion
Found a stone staircase leading down.
Found 2 inky potions.
There is a stone staircase leading down here.
e - 2 inky potions;
f - a scroll labelled TYREUL XUFF
There is a stone staircase leading down here.
You climb downwards.
Ijyb shouts!
The gnoll shouts! x2
Found a spear.
Found a stone staircase leading down.
There is a stone staircase leading up here.
A gnoll comes into view. It is wielding a +0 vorpal halberd.
The gnoll shouts!
Ijyb zaps a wand.
Your mind is blasted!
Ouch! That really hurt!
* * * LOW HITPOINT WARNING * * *
Ijyb zaps a wand.
Your mind is blasted!
You die...

,, , ...# * *
... , , ...##.
,* ** , ...).. *
, * #...... * ,
,, , ,.......*
,##.....#* * ,
#@.....# ,, ,
,.............#
,
,...............
, , ,
..g.......>....
, ,
..gg...........
, *
...g.......####
* ..g........# *
...........# ,
,, ,


You could see Ijyb and 4 gnolls.

Vanquished Creatures
  A ball python (D:1)
  A giant cockroach (D:1)
  A hobgoblin (D:1)
  A kobold (D:2)
  A bat (D:1)
5 creatures vanquished.

Notes
Turn   | Place    | Note
-------+----------+-------------------------------------------
     0 | D:1      | hawla the Meteoran Ice Elementalist began the quest for the
                  | Orb.
     0 | D:1      | Reached XP level 1. HP: 14/14 MP: 5/5
    78 | D:1      | Reached XP level 2. HP: 20/20 MP: 4/6
   179 | D:3      | Noticed Ijyb
   182 | D:3      | Blown up by Ijyb

Illustrated notes

Levels and vault maps discovered:
D:1:      doesnt_arrival_eight_statues, layout_loops_ring,
          ebering_ecumenical_altar_petrified
D:2:      layout_basic
D:3:      layout_basic, minmay_vboxes, uniq_ijyb, uniq_sigmund, uniq_terence

Action                   || total
-------------------------++-------
 Cast: Freeze            ||     8
  Use: Scroll            ||     1
Dodge: Dodged            ||     3
